 Dungeon Crawl Stone Soup version 0.22-a0-565-gfc6459a (webtiles) character file.

58 Kogoro the Skirmisher (level 4, 0/61 HPs)
             Began as a Gnoll Abyssal Knight on June 28, 2018.
             Was a Follower of Lugonu.
             Killed from afar by Terence (3 damage)
             ... with a wand of flame (33)
             ... on level 2 of the Dungeon.
             The game lasted 00:03:33 (1478 turns).

Kogoro the Skirmisher (Gnoll Abyssal Knight)        Turns: 1478, Time: 00:03:34

Health: 0/61       AC:  3    Str: 20    XL:     4   Next: 1%
Magic:  7/7        EV: 13    Int: 15    God:    Lugonu [*.....]
Gold:   76         SH:  0    Dex: 14    Spells: 5/5 levels left

rFire    . . .     SeeInvis .   a - +1 hand axe
rCold    . . .     Gourm    .   (no shield)
rNeg     . . .     Faith    .   b - +0 leather armour
rPois    .         Spirit   .   (no helmet)
rElec    .         Reflect  .   (no cloak)
rCorr    .         Harm     .   (no gloves)
MR       .....                  (no boots)
Stlth    ..........             (no amulet)
HPRegen  0.20/turn              (no ring)
MPRegen  0.10/turn              (no ring)

@: berserking, lethally poisoned (0 -> -1), very quick
A: distributed training, fangs 1, strong nose
a: Depart the Abyss, Renounce Religion


You were on level 2 of the Dungeon.
You worshipped Lugonu.
Lugonu was aware of your devotion.
You were hungry.

You visited 1 branch of the dungeon, and saw 2 of its levels.
You visited the Abyss 1 time.

You collected 76 gold pieces.

Inventory:

Hand Weapons
 a - a +1 hand axe (weapon)
Armour
 b - a +0 leather armour (worn)
Scrolls
 d - a scroll of teleportation {unknown}
 e - 6 scrolls of identify {unknown}
 h - 2 scrolls of enchant weapon {unknown}
 k - a scroll of enchant armour {unknown}
Potions
 g - a potion of curing {unknown}
 i - a potion of degeneration {unknown}
 j - a potion of resistance {unknown}
Comestibles
 c - 7 rations


   Skills:
 + Level 6.5 Fighting
 + Level 1.0 Short Blades
 + Level 1.0 Long Blades
 + Level 4.6 Axes
 + Level 1.0 Maces & Flails
 + Level 1.0 Polearms
 + Level 1.0 Staves
 + Level 1.0 Slings
 + Level 1.0 Bows
 + Level 1.0 Crossbows
 + Level 1.0 Throwing
 + Level 4.6 Armour
 + Level 2.6 Dodging
 + Level 1.0 Stealth
 + Level 1.0 Shields
 + Level 1.0 Unarmed Combat
 + Level 1.0 Spellcasting
 + Level 0.7 Conjurations
 + Level 0.7 Hexes
 + Level 0.7 Charms
 + Level 0.7 Summonings
 + Level 0.7 Necromancy
 + Level 0.7 Translocations
 + Level 0.7 Transmutations
 + Level 0.7 Fire Magic
 + Level 0.7 Ice Magic
 + Level 0.7 Air Magic
 + Level 0.7 Earth Magic
 + Level 0.7 Poison Magic
 + Level 4.6 Invocations
 + Level 1.0 Evocations


You had 5 spell levels left.
You didn't know any spells.
Your spell library was empty.

Dungeon Overview and Level Annotations

Branches:
Dungeon (2/15)

Altars:

Annotations:
D:2 Terence


Innate Abilities, Weirdness & Mutations

Your experience applies equally to all skills.
You have very sharp teeth.
Your uncanny sense of smell can sniff out nearby items.


Message History

The adder is severely wounded.
You hit the frilled lizard.
You kill the frilled lizard!
Lugonu accepts your kill.
You hit Terence. The adder bites you. Terence hits you with a flail!
* * * LOW HITPOINT WARNING * * *
It was a potion of berserk rage.
A red film seems to cover your vision as you go berserk!
You feel yourself moving faster!
You feel mighty! The adder bites you.
* * * LOW HITPOINT WARNING * * *
You are poisoned.
The adder poisons you! The adder closely misses you.
Terence completely misses you.
You barely miss the adder. Your bite misses the adder.
The adder is severely wounded.
You barely miss Terence.
You feel sick. The adder barely misses you.
You miss the adder.
The adder is severely wounded.
You slash Terence!
Terence zaps a wand.
The puff of flame hits you!
You die...

########## #........#
#........# #....(..$#
#....@..(# ############
#....S@..# #........<.#
#.....†..###..........#
......$.....'..........+
##........###..........#
####.##### #..........#
#. #..........# ##
#..........#
#.....[....#
#..........#


You could see Terence and an adder.

Vanquished Creatures
  An adder (D:2)
  2 oozes (D:2)
  A worm (D:2)
  A dart slug (D:1)
  A leopard gecko (D:2)
  5 bats
  2 giant cockroaches
  3 goblins
  3 hobgoblins (D:1)
  3 quokkas (D:2)
  2 ball pythons (D:2)
  3 frilled lizards
  3 kobolds (D:1)
  4 rats
34 creatures vanquished.

Notes
Turn   | Place    | Note
-------+----------+-------------------------------------------
     0 | Abyss:1  | Kogoro the Gnoll Abyssal Knight began the quest for the Orb.
     0 | Abyss:1  | Reached XP level 1. HP: 23/23 MP: 3/3
     0 | D:1      | Escaped the Abyss
   208 | D:1      | Reached * piety under Lugonu
   351 | D:1      | Reached XP level 2. HP: 22/29 MP: 5/5
   903 | D:2      | Reached XP level 3. HP: 35/35 MP: 6/6
  1390 | D:2      | Reached skill level 1 in Short Blades
  1390 | D:2      | Reached skill level 1 in Long Blades
  1390 | D:2      | Reached skill level 1 in Maces & Flails
  1390 | D:2      | Reached skill level 1 in Polearms
  1390 | D:2      | Reached skill level 1 in Staves
  1390 | D:2      | Reached skill level 1 in Slings
  1390 | D:2      | Reached skill level 1 in Bows
  1390 | D:2      | Reached skill level 1 in Crossbows
  1390 | D:2      | Reached skill level 1 in Throwing
  1390 | D:2      | Reached skill level 1 in Stealth
  1390 | D:2      | Reached skill level 1 in Shields
  1390 | D:2      | Reached skill level 1 in Unarmed Combat
  1390 | D:2      | Reached skill level 1 in Spellcasting
  1390 | D:2      | Reached skill level 1 in Evocations
  1398 | D:2      | Reached XP level 4. HP: 33/41 MP: 7/7
  1462 | D:2      | Noticed Terence
  1476 | D:2      | HP: 3/61 [adder (3)]
  1478 | D:2      | Killed from afar by Terence

Vault maps used:
D:1:      lightli_arrival_isolated_outpost
D:2:      uniq_terence

Skill      XL: |  1  2  3 |
---------------+----------+-----
Short Blades   | 1 |  1.0
Long Blades    | 1 |  1.0
Maces & Flails | 1 |  1.0
Polearms       | 1 |  1.0
Staves         | 1 |  1.0
Slings         | 1 |  1.0
Bows           | 1 |  1.0
Crossbows      | 1 |  1.0
Throwing       | 1 |  1.0
Stealth        | 1 |  1.0
Shields        | 1 |  1.0
Unarmed Combat | 1 |  1.0
Spellcasting   | 1 |  1.0
Evocations     | 1 |  1.0
Fighting       | |  6.5
Axes           | |  4.6
Armour         | |  4.6
Dodging        | |  2.6
Conjurations   | |  0.7
Hexes          | |  0.7
Charms         | |  0.7
Summonings     | |  0.7
Necromancy     | |  0.7
Translocations | |  0.7
Transmutations | |  0.7
Fire Magic     | |  0.7
Ice Magic      | |  0.7
Air Magic      | |  0.7
Earth Magic    | |  0.7
Poison Magic   | |  0.7
Invocations    | |  4.6

Action                   |  1- 3 |  4- 6 || total
-------------------------+-------+-------++-------
Melee: Hand axe          |    95 |    11 ||   106
       Bite              |     7 |       ||     7
       Punch             |     1 |       ||     1
Invok: Depart the Abyss  |     1 |       ||     1
  Use: Potion            |       |     1 ||     1
 Stab: Sleeping          |     2 |       ||     2
  Eat: Chunk             |     1 |       ||     1
Armor: Leather armour    |    24 |     3 ||    27
Dodge: Dodged            |    69 |    16 ||    85

Table legend:
 A = Spawn XP
 B = Non-spawn XP
 C = Spawn XP percentage of total XP
 D = Spawn monster count
 E = Non-spawn monster count
 F = Spawn count percentage of total count
 G = Total turns spent on level
                    A         B        C        D         E        F      G
               +---------+---------+-------+---------+---------+-------+---------
         Total |       0 |      83 |   0.0 |       0 |      34 |   0.0 |  1478
               +---------+---------+-------+---------+---------+-------+---------
           D:1 |       0 |      27 |   0.0 |       0 |      15 |   0.0 |   832
           D:2 |       0 |      56 |   0.0 |       0 |      19 |   0.0 |   646
               +---------+---------+-------+---------+---------+-------+---------
